AoeStats
← Grospoilu

Arabia

508430603Analyzed
1v1 RM · 9d ago on Sep 22, 2026· 29m 3s· 2 players
Game mode
Random Map
Map size
Tiny (2 player)
Population
200
Speed
Normal
Resources
Standard
Victory
Conquest
Starting age
Dark Age
Ending age
Imperial Age
RankedLock teamsTeams togetherTeam positionsShared explorationLock speedFull tech treeHidden civsTurbo modeCheats
Victory
Defeat
🇬🇧 Aztecs · United Kingdom
1117
+17
🇫🇷 Maya · France
1144
-17
Thee Professor
6:59 Loom
9:27 Feudal Age
10:31 Man-at-Arms
14:24 Wheelbarrow
15:04 Double-Bit Axe
19:14 Wheelbarrow
19:36 Fletching
21:33 Padded Archer Armor
26:15 Castle Age
24:43 Gold Mining
25:55 Scale Mail Armor
26:53 Bodkin Arrow
26:21 Long Swordsman
26:36 Crossbowman
27:46 Bow Saw
Grospoilu
0:30 Loom
10:16 Feudal Age
10:21 Man-at-Arms
17:07 Horse Collar
18:12 Fletching
25:23 Castle Age
23:29 Scale Mail Armor
24:40 Forging
25:28 Eagle Warrior
26:25 Squires
26:45 Chain Mail Armor
Connection lost

Rejoining the realm…

Still unreachable

The connection could not be restored.

Session expired

The server has moved on; the page needs a fresh start.